 Dungeon Crawl Stone Soup version 0.31.0-11-ge490571c62 (webtiles) character file.

Game seed: 2075094451137981715

35 qw the Shooter (level 3, 0/18 HPs)
             Began as a Spriggan Hunter on Feb 4, 2024.
             Succumbed to their own poison gas
             ... on level 1 of the Dungeon.
             The game lasted 00:00:02 (1053 turns).

qw the Shooter (Spriggan Hunter)                    Turns: 1053, Time: 00:00:03

Health: 0/18       AC:  2    Str:  7    XL:     3   Next: 17%
Magic:  4/4        EV: 19    Int: 10    God:
Gold:   63         SH:  0    Dex: 20    Spells: 2/2 levels left

rFire   . . .        a - +0 shortbow
rCold   . . .        (shield currently unavailable)
rNeg    . . .        c - +0 robe
rPois   .            (helmet restricted)
rElec   .            (no cloak)
rCorr   .            (gloves unavailable)
SInv    +            (boots unavailable)
Will    .....        (no amulet)
Stlth   ++           (no ring)
HPRegen 0.23/turn    (no ring)
MPRegen 0.09/turn

%: no passive effects
@: lethally poisoned (0 -> -4), very quick
A: very small, no large weapons, unfitting armour, see invisible, speed 3
a: no special abilities


You were on level 1 of the Dungeon.
You visited 1 branch of the dungeon, and saw 1 of its levels.

You collected 63 gold pieces.


Innate Abilities, Weirdness & Mutations

You are very small and have problems with some larger weapons.
You are too small for most types of armour.
You have supernaturally acute eyesight. (SInv)
You cover ground extremely quickly. (Speed+++)


   Skills:
 - Level 1.5 Fighting
 + Level 4.5 Ranged Weapons
 - Level 4.0 Dodging
 - Level 1.5 Stealth


You had 2 spell levels left.
You didn't know any spells.
Your spell library was empty.

Inventory:

Hand Weapons
 a - a +0 shortbow (weapon)
Armour
 c - a +0 robe (worn)
Potions
 h - a potion of ambrosia {unknown}
 i - a potion of haste {unknown}

Dungeon Overview and Level Annotations

Branches:
Dungeon (1/15)

Altars:
Xom


Message History

Done exploring.
1045 ||| DROPPING scroll of butterflies.
You drop a scroll of butterflies.
Done exploring.
What level of the Dungeon? (default 1, ? - help) Sorry, I don't know how to get there.
Enter note:
Enter note:
Enter note:
Enter note:
Enter note:
Enter note:
Enter note:
Enter note:
Enter note:
Enter note:
Enter note:
Enter note:
Enter note:
Enter note:
Enter note: You are engulfed in poison gas.
You are lethally poisoned!
You feel very sick.
1047 ||| Stepping ~*~*~tactically~*~*~ (cloud).
You feel sick.
There is an open door here.
You see here a scroll of butterflies.
There is a lethal amount of poison in your body!
You feel very sick.
There is a lethal amount of poison in your body!
You feel very sick.
There is a lethal amount of poison in your body!
You feel sick.
There is a lethal amount of poison in your body!
You feel sick.
There is a lethal amount of poison in your body!
You feel sick.
There is a lethal amount of poison in your body!
You die...

.%....# #...............#.#.# #.
......# #.##.##########.#.#.###.
......# #.##..# #...#.....
###'#.# #.###.### #######.###.
..#.#.# #.##.7#¤# #...........
....#.####.#..7#0# #.#####.####
#.#......#....7#0# #.# #.#
#.#.#.#........#0# #.# #.#
#.#.#.#..#...###@## #.#####'####
#.#.#.#..000¤0¤000# #.##........
#.#+#.#..0¤¤¤#08¤0# #.##........
#.....#..00.¤0080¤# #.##.....)..
#.....#....00¤00¤0# #.##........
#.....#..0¤00###¤## #.##.....[..
#.....#..0¤0¤..#¤# #.##........
#.....#..¤¤0..7#0#####.##........
......#.....##.#_##........######


There were no monsters in sight!

Vanquished Creatures
  A ribbon worm (D:1)
  A dart slug (D:1)
  4 ball pythons (D:1)
  2 endoplasms (D:1)
  2 giant cockroaches (D:1)
  4 goblins (D:1)
  3 hobgoblins (D:1)
  A quokka (D:1)
  5 bats (D:1)
  4 frilled lizards (D:1)
  A kobold (D:1)
  2 rats (D:1)
30 creatures vanquished.

Notes
Turn   | Place    | Note
-------+----------+-------------------------------------------
     0 | D:1      | qw the Spriggan Hunter began the quest for the Orb.
     0 | D:1      | Reached XP level 1. HP: 10/10 MP: 2/2
     0 | D:1      | 0 ||| qw: Version: 0.3-a-160-g6735b56
     0 | D:1      | 0 ||| qw: Game counter: 4942
     0 | D:1      | 0 ||| qw: Melee chars always use a shield: true
     0 | D:1      | 0 ||| qw: God list: Okawaru
     0 | D:1      | 0 ||| qw: Allow faded altars: false
     0 | D:1      | 0 ||| qw: Do Orc after clearing Dungeon:15 true
     0 | D:1      | 0 ||| qw: Do second Lair branch before Depths: true
     0 | D:1      | 0 ||| qw: Lair rune preference: random
     0 | D:1      | 0 ||| qw: Goals: Normal
     0 | D:1      | 0 ||| PLANNING D:1-11
     1 | D:1      | Found a shimmering altar of Xom.
    16 | D:1      | Reached skill level 3 in Dodging
   116 | D:1      | Reached XP level 2. HP: 14/14 MP: 3/3
   618 | D:1      | Reached XP level 3. HP: 18/18 MP: 4/4
   920 | D:1      | 920 ||| READING scroll labelled CUOBBI UGUHA.
   924 | D:1      | 924 ||| READING scroll labelled BATHAO GEDEO.
   925 | D:1      | 925 ||| READING scroll labelled MOFEAL GINED.
  1044 | D:1      | 1044 ||| READING scroll labelled VAGEUCIACI.
  1045 | D:1      | 1045 ||| DROPPING scroll of butterflies.
  1047 | D:1      | 1047 ||| Stepping ~*~*~tactically~*~*~ (cloud).
  1049 | D:1      | HP: 4/18 [poisoned by you (poison gas)]
  1052 | D:1      | HP: 1/18 [poisoned by you (poison gas)]
  1053 | D:1      | Succumbed to their own poison gas

Levels and vault maps discovered:
D:1:      sevenhm_arrival_forest_fort_small_6, layout_basic, nicolae_wormholes

Skill      XL: |  1  2 |
---------------+-------+-----
Dodging        | 3 4 |  4.0
Fighting       | |  1.5
Ranged Weapons | |  4.5
Stealth        | |  1.5

Action                     || total
---------------------------++-------
   Fire: Shortbow          ||    81
    Use: Scroll            ||     4
 Armour: Robe              ||     3
  Dodge: Dodged            ||     8

Table legend:
 A = Non-vault XP
 B = Vault XP
 C = Vault XP percentage of total XP
 D = Non-vault monster count
 E = Vault monster count
 F = Vault count percentage of total count
                 A         B        C        D         E       F
            +---------+---------+-------+---------+---------+-------
      Total |      46 |       5 |   9.8 |      29 |       1 |   3.3
            +---------+---------+-------+---------+---------+-------
        D:1 |      46 |       5 |   9.8 |      29 |       1 |   3.3
            +---------+---------+-------+---------+---------+-------
